 Dungeon Crawl Stone Soup version 0.29-a0-275-g389c0b56f3 (webtiles) character file.

Game seed: 10025512052787519168

2151 Murumi the Fighter (level 9, -6/98 HPs)
             Began as an Ogre Gladiator on Mar 11, 2022.
             Was a High Priest of Ignis.
             Mangled by Joseph
             ... wielding a +4 spectral quarterstaff
              (27 damage)
             ... on level 7 of the Dungeon.
             The game lasted 00:33:26 (7127 turns).

Murumi the Fighter (Ogre Gladiator)                 Turns: 7127, Time: 00:33:27

Health: -6/98      AC: 11    Str: 20    XL:     9   Next: 31%
Magic:  13/13      EV: 11    Int: 13    God:    Ignis [*****.]
Gold:   280        SH:  0    Dex: 10    Spells: 11/14 levels left

rFire   + . .      SeeInvis .   x - +1 whip (elec)
rCold   + . .      Faith    .   (no shield)
rNeg    . . .      Spirit   .   b - +0 robe
rPois   .          Reflect  .   c - +1 hat
rElec   .          Harm     .   (no cloak)
rCorr   .          Rampage  .   (gloves unavailable)
Will    .....                   (boots unavailable)
Stlth   ++........              o - amulet of regeneration
HPRegen 1.06/turn               q - ring of protection from cold
MPRegen 0.13/turn               (no ring)

@: fiery-armoured
A: large, unfitting armour, tough skin 1
a: Renounce Religion, Fiery Armour, Foxfire Swarm, Rising Flame


You were on level 7 of the Dungeon.
You worshipped Ignis.
Ignis was extremely pleased with you.
You visited 2 branches of the dungeon, and saw 8 of its levels.

You collected 280 gold pieces.

Inventory:

Hand Weapons
 w - a +0 giant club
 x - a +1 whip of electrocution (weapon)
Missiles
 i - 11 poisoned darts (quivered)
 j - 136 stones
 m - 3 javelins
 y - 2 silver boomerangs
Armour
 b - a +0 robe (worn)
 c - a +1 hat (worn)
Jewellery
 o - an amulet of regeneration (around neck)
 q - a ring of protection from cold (left hand)
Wands
 n - a wand of mindburst (7)
Scrolls
 r - a scroll of holy word
Potions
 f - 2 potions of cancellation
 g - 2 potions of might
 h - 2 potions of curing
 k - a potion of attraction
 l - a potion of lignification
 p - a potion of berserk rage
 s - 2 potions of flight
 t - a potion of heal wounds
 u - a potion of mutation {unknown}


   Skills:
 - Level 9.0 Fighting
 - Level 5.0 Maces & Flails
 + Level 5.0 Throwing
 - Level 2.0 Armour
 - Level 5.0 Dodging
 - Level 2.0 Stealth
 - Level 3.0 Spellcasting
 - Level 2.0 Transmutations
 - Level 2.0 Evocations


You had 11 spell levels left.
You knew the following spells:

 Your Spells              Type           Power      Damage    Failure   Level
a - Beastly Appendage     Tmut           14%        N/A       10%         1
b - Wereblood             Tmut           7%         N/A       16%         2

Your spell library contained the following spells:

 Spells                   Type           Power      Damage    Failure   Level
 Spider Form              Tmut/Pois      4%         N/A       41%         3
 Frozen Ramparts          Ice            2%         1d2       56%         3
 Ozocubu's Armour         Ice            1%         N/A       56%         3
 Ice Form                 Ice/Tmut       4%         N/A       83%         4
 Summon Ice Beast         Ice/Summ       1%         N/A       92%         4
 Ozocubu's Refrigeration  Ice            0%         4d5       100%        7


Dungeon Overview and Level Annotations

Branches:
Dungeon (7/15)             Temple (1/1) D:7

Altars:
Ashenzari
Cheibriados
Dithmenos
Elyvilon
Fedhas
Gozag
Hepliaklqana
Kikubaaqudgha
Makhleb
Nemelex Xobeh
Okawaru
Qazlal
Ru
Sif Muna
Trog
Uskayaw
Vehumet
Wu Jian
Xom
Yredelemnul
Zin
The Shining One
Ignis

Annotations:
D:7 Joseph


Innate Abilities, Weirdness & Mutations

You are too large for most types of armour.
You have tough skin. (AC +1)


Message History

Joseph wields a +0 hunting sling.
Joseph shoots a sling bullet.
The sling bullet hits you!
Throw: dart (curare)
Press: ? - help, Q - select action, (/) - cycle Shift-Dir - straight line, f - Joseph
Aim: Joseph, wielding a +0 hunting sling and wearing a +3 leather armour of poison resistance (63% to hit)
You throw a curare-tipped dart. The curare-tipped dart hits Joseph.
Throw: large rock
Press: ? - help, Q - select action, (/) - cycle Shift-Dir - straight line, f/p - Joseph
Aim: Joseph, wielding a +0 hunting sling and wearing a +3 leather armour of poison resistance (63% to hit)
You throw a large rock. The large rock hits Joseph!!
Joseph is heavily wounded.
Joseph unwields a +0 hunting sling.
Joseph wields a +4 spectral quarterstaff.
Joseph drinks a potion.
Joseph goes berserk!
Throw: 4 javelins
Press: ? - help, Q - select action, (/) - cycle Shift-Dir - straight line, f/p - Joseph
Aim: Joseph, wielding a +4 spectral quarterstaff and wearing a +3 leather armour of poison resistance (heavily wounded, berserk, 63% to hit)
You throw a javelin. The javelin closely misses Joseph.
Joseph hits you with a +4 spectral quarterstaff!
Throw: 3 throwing nets
Press: ? - help, Q - select action, (/) - cycle Shift-Dir - straight line, f/p - Joseph
Aim: Joseph, wielding a +4 spectral quarterstaff and wearing a +3 leather armour of poison resistance (heavily wounded, berserk, 63% to hit)
You throw a throwing net. The throwing net barely misses Joseph.
Joseph hits you with a +4 spectral quarterstaff!!
Throw: 2 throwing nets
Press: ? - help, Q - select action, (/) - cycle Shift-Dir - straight line, f/p - Joseph
Aim: Joseph, wielding a +4 spectral quarterstaff and wearing a +3 leather armour of poison resistance (heavily wounded, berserk, 63% to hit)
You throw a throwing net.
The throwing net completely misses Joseph.
Joseph hits you with a +4 spectral quarterstaff!
Throw: throwing net
Press: ? - help, Q - select action, (/) - cycle Shift-Dir - straight line, f/p - Joseph
Aim: Joseph, wielding a +4 spectral quarterstaff and wearing a +3 leather armour of poison resistance (heavily wounded, berserk, 63% to hit)
You throw a throwing net. The throwing net closely misses Joseph.
Joseph hits you with a +4 spectral quarterstaff!
* * * LOW HITPOINT WARNING * * *
A protective cloak of flame settles atop you.
Joseph barely misses you.
Joseph hits you with a +4 spectral quarterstaff!!
You die...

######.
##.......
.........
#........
#.@((.... #@#
#.# #.# #.#
#############.#
#.............#
##.############
#.# #.#


You could see Joseph (berserk).

Vanquished Creatures
  Sigmund (D:5)
  An acid dragon (D:5)
  A water moccasin (D:6)
  An ice beast (D:6)
  A black bear (D:6)
  An ogre (D:6)
  A centaur (D:7)
  A phantom (D:2)
  The ghost of iamserjio the Changer, an amateur OpTm (D:3)
  A kobold brigand (D:5)
  2 bullfrogs
  3 necrophages
  A scorpion (D:6)
  A gnoll sergeant (D:5)
  5 orc priests
  4 hounds
  A gnoll shaman (D:6)
  2 iguanas
  5 orc wizards
  The ghost of hotpinklipstick the Skirmisher, a weakling OpMo (D:3)
  3 gnolls (D:6)
  9 adders
  A shadow imp (D:4)
  A worm (D:4)
  A dart slug (D:2)
  32 orcs
  6 ball pythons
  4 bats
  10 endoplasms
  3 giant cockroaches
  9 goblins
  8 hobgoblins
  3 jackals (D:1)
  4 quokkas
  A frilled lizard (D:1)
  5 kobolds
  6 rats
141 creatures vanquished.

Vanquished Creatures (others)
  A black bear (D:6)
  An adder (D:6)
  An orc (D:6)
  6 withered plants (D:3)
9 creatures vanquished.

Grand Total: 150 creatures vanquished

Notes
Turn   | Place    | Note
-------+----------+-------------------------------------------
     0 | D:1      | Murumi the Ogre Gladiator began the quest for the Orb.
     0 | D:1      | Reached XP level 1. HP: 22/22 MP: 1/1
   110 | D:1      | Reached skill level 3 in Fighting
   177 | D:1      | Reached XP level 2. HP: 23/31 MP: 2/2
   392 | D:1      | Learned a level 1 spell: Beastly Appendage
   452 | D:1      | Reached skill level 1 in Spellcasting
   627 | D:1      | Reached XP level 3. HP: 36/37 MP: 4/4
   977 | D:2      | Reached skill level 4 in Fighting
   981 | D:2      | HP: 1/39 [dart slug (1)]
  1351 | D:2      | Reached skill level 1 in Transmutations
  1352 | D:2      | Reached XP level 4. HP: 24/48 MP: 5/5
  1642 | D:2      | Noticed a phantom
  1660 | D:2      | Killed a phantom
  1661 | D:2      | Reached skill level 1 in Armour
  1661 | D:2      | Reached skill level 1 in Stealth
  1661 | D:2      | Reached skill level 5 in Fighting
  1661 | D:2      | Reached XP level 5. HP: 15/57 MP: 4/6
  2258 | D:3      | Found an ancient bone altar of Kikubaaqudgha.
  2556 | D:3      | Learned a level 2 spell: Wereblood
  2783 | D:3      | Found a runed translucent gate.
  2783 | D:3      | Found a runed translucent gate.
  2783 | D:3      | Found a runed translucent gate.
  2789 | D:3      | Noticed hotpinklipstick's ghost (weakling OpMo)
  2791 | D:3      | Noticed iamserjio's ghost (amateur OpTm)
  2929 | D:3      | Found a faded altar of an unknown god.
  2939 | D:3      | Prayed at the altar of an unknown god.
  2939 | D:3      | Became a worshipper of Ignis, the Dying Flame
  3075 | D:3      | Killed iamserjio's ghost
  3076 | D:3      | Reached skill level 1 in Evocations
  3076 | D:3      | Reached XP level 6. HP: 63/66 MP: 6/9
  3082 | D:3      | Killed hotpinklipstick's ghost
  3281 | D:4      | Reached skill level 6 in Fighting
  3628 | D:4      | Reached XP level 7. HP: 70/76 MP: 10/10
  3972 | D:4      | Reached skill level 7 in Fighting
  4440 | D:5      | Entered Level 5 of the Dungeon
  4724 | D:5      | Reached skill level 8 in Fighting
  5071 | D:5      | Noticed Sigmund
  5087 | D:5      | Killed Sigmund
  5088 | D:5      | Reached XP level 8. HP: 65/88 MP: 11/11
  5358 | D:5      | Reached skill level 5 in Throwing
  5839 | D:6      | Reached skill level 9 in Fighting
  6180 | D:6      | Reached XP level 9. HP: 92/98 MP: 13/13
  6220 | D:6      | Found a bloodstained altar of Trog.
  6220 | D:6      | Found a white marble altar of Elyvilon.
  6421 | D:6      | Reached skill level 5 in Maces & Flails
  6708 | D:7      | Found a staircase to the Ecumenical Temple.
  6725 | Temple   | Entered the Ecumenical Temple
  7087 | D:7      | Reached skill level 5 in Dodging
  7120 | D:7      | Noticed Joseph
  7127 | D:7      | Mangled by Joseph

Illustrated notes

Levels and vault maps discovered:
D:1:      matt_arrival_spirals, layout_rooms
D:2:      layout_basic
D:3:      layout_basic, nicolae_kikubaaqudgha_miasma_corner,
          gammafunk_ghost_cemetery, shapermc_ecumenical_altar_notcrosses,
          kennysheep_generic_room_2
D:4:      minmay_angry_zag, layout_loops_corners, corexii_shack, hex_large
D:5:      layout_rooms, minmay_small_thing, uniq_sigmund
D:6:      layout_rooms, gammafunk_temple_overflow_elements, lemuel_flame_loot_1
D:7:      layout_basic, temple_fountains, minmay_lizard_king, uniq_joseph
Temple:   mainiacjoe_temple_bowtie_tessellation

Skill      XL: |  1  2  3  4  5  6  7  8  9 |
---------------+----------------------------+-----
Fighting       | 3 4 5 6 8 9 |  9.0
Maces & Flails | 3 4 5 |  5.0
Dodging        | 3 4 5 |  5.0
Spellcasting   | 1 2 3 |  3.0
Transmutations | 1 2 |  2.0
Armour         | 1 2 |  2.0
Stealth        | 1 2 |  2.0
Throwing       | 3 4 5 |  5.0
Evocations     | 1 2 |  2.0

Action                   |  1- 3 |  4- 6 |  7- 9 || total
-------------------------+-------+-------+-------++-------
Melee: Flail             |   103 |   123 |    20 ||   246
       Punch             |     1 |     1 |     6 ||     8
       Kick              |       |     9 |    10 ||    19
       Headbutt          |       |     7 |     9 ||    16
       Whip              |       |       |   447 ||   447
Throw: Stone             |     6 |    45 |    97 ||   148
       Dart              |       |       |    12 ||    12
       Throwing net      |       |       |     3 ||     3
       Javelin           |       |       |     1 ||     1
       Large rock        |       |       |     1 ||     1
 Cast: Beastly Appendage |       |     5 |     7 ||    12
Invok: Fiery Armour      |       |       |     1 ||     1
Evoke: Wand              |       |       |     2 ||     2
  Use: Scroll            |     7 |     4 |     8 ||    19
       Potion            |     1 |       |       ||     1
 Stab: Sleeping          |       |     1 |     2 ||     3
Armor: Robe              |    22 |    26 |    89 ||   137
Dodge: Dodged            |    65 |    44 |   174 ||   283
Block: Other             |     3 |     5 |       ||     8

Table legend: (Time is in decaauts)
 A = Elapsed time spent in this place.
 B = Non-inter-level travel time spent in this place.
 C = Inter-level travel time spent in this place.
 D = Time resting spent in this place.
 E = Time spent auto-exploring this place.
 F = Levels seen in this place.
 G = Mean time per level.
                   A        B        C        D        E       F      G
               +--------+--------+--------+--------+--------+-----+--------+
         Total |   7144 |   6524 |    620 |     93 |   4969 |   8 |  893.0 |
       Dungeon |   6909 |   6320 |    589 |     93 |   4777 |   7 |  987.0 |
        Temple |    234 |    203 |     31 |      0 |    192 |   1 |  234.0 |
               +--------+--------+--------+--------+--------+-----+--------+

Top non-repeatable levels by time:
     D:4: 1407 daAuts
     D:2: 1376 daAuts
     D:6: 1049 daAuts
     D:3: 984 daAuts
     D:5: 962 daAuts
     D:1: 952 daAuts
  Temple: 234 daAuts
     D:7: 176 daAuts
